 Dungeon Crawl Stone Soup version 0.29.1-1-gd02db6906a (webtiles) character file.

Game seed: 13505297510768450407

12947 LustLizard the Carver (level 11, -4/90 HPs)
             Began as a Demonspawn Gladiator on Oct 20, 2022.
             Was an Elder of Okawaru.
             Slain by a troll (6 damage)
             ... on level 11 of the Dungeon.
             The game lasted 00:23:52 (14791 turns).

LustLizard the Carver (Demonspawn Gladiator)       Turns: 14791, Time: 00:23:53

Health: -4/90      AC:  6    Str: 14    XL:     11   Next: 69%
Magic:  11/14      EV: 13    Int: 15    God:    Okawaru [****..]
Gold:   802        SH:  5    Dex: 20    Spells: 8/10 levels left

rFire   . . .      SeeInvis .   L - +5 scimitar
rCold   . . .      Faith    .   (no shield)
rNeg    + . .      Spirit   .   W - +1 scale mail {Will+}
rPois   .          Reflect  +   X - +1 hat {Will+}
rElec   .          Harm     .   (no cloak)
rCorr   .          Rampage  .   F - +2 pair of gloves
Will    ++...                   (no boots)
Stlth   ++........              I - amulet of reflection
HPRegen 0.25/turn               r - +6 ring of intelligence
MPRegen 0.14/turn               w - ring of positive energy

@: heroic, corroded
A: icy blue scales 1, (demonic guardian 2), spiny 1
a: Renounce Religion, Heroism, Finesse


You were on level 11 of the Dungeon.
You worshipped Okawaru.
Okawaru was greatly pleased with you.
You visited 2 branches of the dungeon, and saw 12 of its levels.
You also visited: Sewer and Ossuary.

You collected 802 gold pieces.

Inventory:

Hand Weapons
 L - a +5 scimitar (weapon)
Missiles
 d - 5 throwing nets
 e - a javelin
 f - 47 stones
 h - 3 boomerangs
 q - 18 poisoned darts (quivered)
 Z - an atropa-tipped dart
Armour
 b - a +0 leather armour
 y - a +0 troll leather armour {Pargi}
 F - a +2 pair of gloves (worn)
 W - a +1 scale mail of willpower (worn)
 X - a +1 hat of willpower (worn)
Jewellery
 r - a +6 ring of intelligence (left hand)
 w - a ring of positive energy (right hand)
 I - an amulet of reflection (around neck)
 K - an amulet of the acrobat
Wands
 s - a wand of flame (45)
 t - a wand of roots (10)
 u - a wand of polymorph (4)
 M - a wand of quicksilver (17)
 N - a wand of mindburst (10)
 U - a wand of paralysis (13)
Scrolls
 g - 4 scrolls of noise
 i - 2 scrolls of blinking
 k - 2 scrolls of fear
 n - 2 scrolls of enchant weapon
 p - 6 scrolls of teleportation
 D - 2 scrolls of summoning {unknown}
 H - 4 scrolls of immolation
 O - a scroll of acquirement {unknown}
 P - 2 scrolls of vulnerability {unknown}
 Q - a scroll of butterflies {unknown}
 R - a scroll of magic mapping {unknown}
 T - 2 scrolls of enchant armour {unknown}
 V - a scroll of poison {unknown}
Potions
 a - a potion of lignification {unknown}
 j - 2 potions of resistance {unknown}
 l - 4 potions of berserk rage {unknown}
 m - 2 potions of mutation
 o - 2 potions of ambrosia
 v - 5 potions of magic
 x - 3 potions of cancellation {unknown}
 z - 6 potions of brilliance
 A - 5 potions of flight
 B - 8 potions of haste
 C - a potion of invisibility {unknown}
 E - 5 potions of attraction
 G - 5 potions of heal wounds {unknown}
 J - 17 potions of degeneration
 S - 2 potions of might {unknown}
 Y - 2 potions of curing


   Skills:
 + Level 10.1(15.1) Fighting
 * Level 13.0(18.0) Long Blades
 - Level 5.0(10.0) Throwing
 - Level 2.6(7.6) Dodging
 - Level 4.0 Translocations
 + Level 4.2 Invocations
 + Level 3.1 Evocations


You had 8 spell levels left.
You knew the following spells:

 Your Spells              Type           Power      Damage    Failure   Level
a - Blink                 Tloc           24%        N/A       30%         2

Your spell library contained the following spells:

 Spells                   Type           Power      Damage    Failure   Level
 Apportation              Tloc           24%        N/A       21%         1
 Lesser Beckoning         Tloc           12%        N/A       52%         3
 Sandblast                Erth           0%         2d4       71%         1
 Passwall                 Tmut/Erth      0%         N/A       83%         2
 Static Discharge         Conj/Air       0%         3-3/arc   83%         2
 Conjure Flame            Conj/Fire      0%         6-21      97%         3
 Dazzling Flash           Conj/Hex       0%         N/A       97%         3
 Ignite Poison            Fire/Tmut/Pois 0%         N/A       97%         3
 Inner Flame              Hex/Fire       0%         N/A       97%         3
 Ozocubu's Armour         Ice            0%         N/A       97%         3
 Stone Arrow              Conj/Erth      0%         3d7       97%         3
 Manifold Assault         Tloc           12%        N/A       99%         5
 Airstrike                Air            0%         2d(0-16)  100%        4
 Cause Fear               Hex            0%         N/A       100%        4
 Dispel Undead            Necr           0%         3d6       100%        4
 Sticky Flame             Conj/Fire      0%         2d3       100%        4
 Agony                    Necr           0%         N/A       100%        5
 Alistair's Intoxication  Tmut/Pois      0%         N/A       100%        5
 Lightning Bolt           Conj/Air       0%         1d11      100%        5
 Silence                  Hex/Air        0%         N/A       100%        5
 Ozocubu's Refrigeration  Ice            0%         4d7       100%        7
 Discord                  Hex            0%         N/A       100%        8
 Summon Lightning Spire   Summ/Air       Unusable   N/A       N/A         4

Dungeon Overview and Level Annotations

Branches:
Dungeon (11/15)            Temple (1/1) D:7            Lair (0/5) D:10
  Sewer (visited)         Ossuary (visited)
    Orc: D:9-12

Altars:
Ashenzari
Cheibriados
Dithmenos
Fedhas
Gozag
Hepliaklqana
Kikubaaqudgha
Makhleb
Nemelex Xobeh
Okawaru
Qazlal
Ru
Sif Muna
Trog
Uskayaw
Vehumet
Wu Jian
Xom
Yredelemnul

Annotations:
D:7 Amaemon
D:9 2 transporters


Innate Abilities, Weirdness & Mutations

You are partially covered in icy blue scales. (AC +2)
((A demonic guardian rushes to your aid.))
You are partially covered in sharp spines.


Message History

You feel stable enough to blink again. You block the troll's attack.
The troll claws you! The troll barely misses you.
You slash the brown ugly thing!
The brown ugly thing is severely wounded.
The brown ugly thing tail-slaps you! The acid corrodes you!
You are splashed with acid!
The troll is struck by your spines. The troll closely misses you.
The troll misses you. The troll completely misses you.
You hit the brown ugly thing.
The brown ugly thing is severely wounded.
The brown ugly thing is struck by your spines.
The brown ugly thing closely misses you.
The troll is struck by your spines. The troll bites you.
* * * LOW HITPOINT WARNING * * *
The troll closely misses you. x2
You hit the brown ugly thing but do no damage.
The brown ugly thing is severely wounded.
You slash the brown ugly thing!
The brown ugly thing is almost dead.
The brown ugly thing tail-slaps you but does no damage.
The troll barely misses you. x2; The troll claws you.
* * * LOW HITPOINT WARNING * * *
You slash the brown ugly thing!
You kill the brown ugly thing!
Okawaru is honoured by your kill. Okawaru grants you throwing weapons!
Something appears at your feet! The troll bites you!
* * * LOW HITPOINT WARNING * * *
The troll claws you.
* * * LOW HITPOINT WARNING * * *
The troll closely misses you.
Your base Long Blades skill increases to level 13!
You hit the troll.
The troll is moderately wounded.
You barely miss the troll.
The troll is moderately wounded.
The troll bites you!
* * * LOW HITPOINT WARNING * * *
The troll claws you.
You die...

#>.....####...'......#
#......# #####......#
####+### ###'#### #..#
####+#### ###'##
#.......# #....#
#.......# #....#
+.......### #....#
#.....@T'.#####....#
#......†#.....#....#
#.......#####.#....#
#.......# #.'....#
#.......# ###....#
######### ######


You could see a troll.

Vanquished Creatures
  Gastronok (D:8)
  Snorg (D:10)
  3 two-headed ogres
  An ugly thing (D:11)
  A manticore (D:9)
  Maurice (D:10)
  An orange demon (D:8)
  Grinder (D:6)
  Sigmund (D:3)
  2 wyverns
  A shadow (D:10)
  Grum (D:8)
  16 yaks
  3 steam dragons
  2 acid dragons
  5 orc warriors
  2 sky beasts
  2 ice beasts
  Pargi (Sewer)
  2 black bears
  An ogre (D:6)
  A centaur (D:6)
  2 phantoms (D:5)
  3 wolves
  3 kobold brigands
  4 bullfrogs
  4 scorpions
  An elf skeleton (D:7)
  11 wights
  5 howler monkeys
  2 centaur zombies (Ossuary)
  A human zombie (Ossuary)
  3 hounds (D:5)
  5 jellies
  2 gnoll boudas
  2 orc priests
  3 human skeletons (D:7)
  Natasha (thrice) (D:2)
  Terence (D:3)
  3 iguanas
  Ijyb (D:3)
  3 orc wizards
  4 mummies (Ossuary)
  8 gnolls
  7 adders
  A shadow imp (D:6)
  3 worms
  A dart slug (D:2)
  21 orcs
  6 endoplasms
  2 gnoll zombies (Ossuary)
  6 goblins
  6 hobgoblins
  4 jackals (D:1)
  23 kobolds
  5 quokkas
  14 ball pythons
  6 bats
  4 frilled lizards
  A goblin zombie (Ossuary)
  A hobgoblin zombie (Ossuary)
  An orc skeleton (D:7)
  2 orc zombies
  6 rats
244 creatures vanquished.

Vanquished Creatures (collateral kills)
  An orc (D:6)
1 creature vanquished.

Vanquished Creatures (others)
  3 fungi (D:10)
  4 plants (D:10)
  A withered plant (D:4)
8 creatures vanquished.

Grand Total: 253 creatures vanquished

Notes
Turn   | Place    | Note
-------+----------+-------------------------------------------
     0 | D:1      | LustLizard the Demonspawn Gladiator began the quest for the
                  | Orb.
     0 | D:1      | Reached XP level 1. HP: 16/16 MP: 1/1
   165 | D:1      | Gained mutation: A weak demonic guardian rushes to your
                  | aid. [demonic ancestry]
   165 | D:1      | Reached XP level 2. HP: 22/22 MP: 2/2
   238 | D:1      | Reached skill level 3 in Long Blades
  1053 | D:2      | Reached XP level 3. HP: 24/28 MP: 3/3
  1266 | D:2      | Noticed Natasha
  1279 | D:2      | Killed Natasha
  1439 | D:2      | Reached XP level 4. HP: 34/34 MP: 4/4
  1971 | D:2      | Noticed Natasha
  1980 | D:2      | Killed Natasha
  2075 | D:2      | Noticed Natasha
  2506 | D:2      | Killed Natasha
  2507 | D:2      | Reached XP level 5. HP: 14/40 MP: 5/5
  2732 | D:3      | Noticed Ijyb
  2739 | D:3      | Reached skill level 4 in Long Blades
  2743 | D:3      | Killed Ijyb
  2884 | D:3      | Noticed Terence
  2898 | D:3      | Killed Terence
  3190 | D:3      | Noticed Sigmund
  3200 | D:3      | Killed Sigmund
  3201 | D:3      | Gained mutation: You are partially covered in sharp spines.
                  | [demonic ancestry]
  3201 | D:3      | Reached XP level 6. HP: 25/47 MP: 6/6
  3508 | D:3      | Learned a level 2 spell: Blink
  3778 | D:4      | Reached skill level 5 in Long Blades
  3778 | D:4      | Reached skill level 1 in Translocations
  3778 | D:4      | Gained mutation: You are partially covered in icy blue
                  | scales. (AC +2) [demonic ancestry]
  3778 | D:4      | Reached XP level 7. HP: 33/53 MP: 7/7
  3907 | D:4      | Found a glowing drain.
  3928 | Sewer    | Entered a sewer
  3985 | Sewer    | Noticed Pargi
  3992 | Sewer    | Killed Pargi
  4206 | D:4      | Found an ancient bone altar of Kikubaaqudgha.
  4979 | D:5      | Entered Level 5 of the Dungeon
  5211 | D:5      | Found a burning altar of Makhleb.
  5254 | D:5      | Reached skill level 5 in Throwing
  5365 | D:5      | Noticed a two-headed ogre
  5396 | D:5      | Killed a two-headed ogre
  5397 | D:5      | Reached skill level 5 in Fighting
  5397 | D:5      | Reached skill level 6 in Long Blades
  5397 | D:5      | Reached XP level 8. HP: 10/62 MP: 8/8
  5402 | D:5      | HP: 3/62 [phantom (3)]
  5469 | D:5      | Reached skill level 7 in Long Blades
  6151 | D:6      | Found a sacrificial altar of Ru.
  6467 | D:6      | Reached XP level 9. HP: 53/69 MP: 9/9
  6651 | D:6      | Reached skill level 8 in Long Blades
  6794 | D:6      | Noticed Grinder
  6797 | D:6      | Paralysed by Grinder for 3 turns
  6805 | D:6      | Killed Grinder
  7828 | D:7      | Reached skill level 9 in Long Blades
  7888 | D:7      | Found a sand-covered staircase.
  7896 | Ossuary  | Entered an ossuary
  8168 | D:7      | Found a staircase to the Ecumenical Temple.
  8189 | Temple   | Entered the Ecumenical Temple
  8189 | Temple   | Noticed a hell beast
  8189 | Temple   | Noticed a hell beast
  8189 | Temple   | Noticed a Tzitzimitl
  8189 | Temple   | Noticed an orange demon
  8190 | Temple   | Noticed Poehim the pandemonium lord
  8190 | Temple   | Noticed Antaubua the pandemonium lord
  8191 | Temple   | Noticed a cacodemon
  8192 | Temple   | Noticed a tormentor
  8192 | Temple   | Noticed Hijuw the pandemonium lord
  8192 | Temple   | Noticed Pomnutow the pandemonium lord
  8193 | Temple   | Noticed a soul eater
  8233 | Temple   | Noticed Eggolu Xadd the pandemonium lord
  8260 | Temple   | Noticed Mamon the pandemonium lord
  8293 | Temple   | Became a worshipper of Warmaster Okawaru
  9193 | D:8      | Noticed Grum
  9203 | D:7      | Gained mutation: A demonic guardian rushes to your aid.
                  | [demonic ancestry]
  9203 | D:7      | Reached XP level 10. HP: 72/79 MP: 10/10
  9285 | D:8      | Killed Grum
  9286 | D:8      | Reached skill level 10 in Long Blades
  9618 | D:7      | Reached * piety under Okawaru
  9917 | D:8      | Noticed an orange demon
  9919 | D:8      | Noticed Amaemon
  9947 | D:8      | Killed an orange demon
 10542 | D:8      | Noticed Gastronok
 10563 | D:8      | Killed Gastronok
 10563 | D:8      | Reached ** piety under Okawaru
 10564 | D:8      | Reached skill level 11 in Long Blades
 10894 | D:8      | Found a sparkling altar of Nemelex Xobeh.
 11279 | D:9      | Found a transporter.
 11283 | D:9      | Noticed a manticore
 11773 | D:9      | Found a transporter.
 12142 | D:9      | Noticed a two-headed ogre
 12151 | D:9      | You fall into a shaft and drop 1 floor!
 12151 | D:10     | Entered Level 10 of the Dungeon
 12201 | D:10     | Noticed Snorg
 12239 | D:9      | Reached *** piety under Okawaru
 12250 | D:9      | Killed a manticore
 12251 | D:9      | Reached skill level 12 in Long Blades
 12251 | D:9      | Reached XP level 11. HP: 28/89 MP: 9/11
 12531 | D:9      | Noticed an orc sorcerer
 12582 | D:9      | Killed a two-headed ogre
 12671 | D:9      | Reached skill level 1 in Invocations
 12673 | D:9      | Reached **** piety under Okawaru
 12678 | D:9      | Reached skill level 1 in Evocations
 13505 | D:10     | Killed Snorg
 13505 | D:10     | Received a gift from Okawaru
 13521 | D:10     | Found a bloodstained altar of Trog.
 13524 | D:10     | Noticed a two-headed ogre
 13789 | D:10     | Noticed Maurice
 13803 | D:10     | Killed Maurice
 14038 | D:10     | Killed a two-headed ogre
 14039 | D:10     | Reached skill level 10 in Fighting
 14562 | D:10     | Found a staircase to the Lair.
 14775 | D:11     | Noticed a brown ugly thing
 14789 | D:11     | Killed a brown ugly thing
 14789 | D:11     | Received a gift from Okawaru
 14790 | D:11     | Reached skill level 13 in Long Blades
 14791 | D:11     | HP: 2/90 [troll (11)]
 14791 | D:11     | Slain by a troll

Illustrated notes

Levels and vault maps discovered:
D:1:      ncdulo_wetmaze, layout_loops_corners, grunt_decor_mini_mirrors,
          serial_bayou_pond_e
D:2:      layout_basic, minmay_small_reverse_x, uniq_natasha
D:3:      layout_rooms, uniq_terence, uniq_sigmund, uniq_ijyb
D:4:      layout_layer_cave, kiku_gazebo_garden_becter,
          cheibrodos_sewer_entry_drain
D:5:      layout_rooms, makhleb_heckhound_becter, amcnicky_altar_gilded
D:6:      layout_layer_cave, lemuel_doored_altar, uniq_grinder
D:7:      layout_gridville, mainiacjoe_overflow_cross_hatched,
          minmay_temple_entry_ruins, nicolae_ossuary_entry_catacombs
D:8:      layout_rooms, nemelex_xobeh_ov_fountains_minmay, uniq_grum,
          uniq_gastronok, uniq_amaemon
D:9:      gammafunk_wand_slinger, layout_basic, minmay_misc_feat_hallway
D:10:     layout_basic, bloody_trog, grunt_lair_entry_orc_guard_hut, uniq_snorg,
          uniq_maurice
D:11:     layout_roguey, serial_shops, nicolae_shop_crystal
Temple:   nicolae_temple_panitentiary

Skill      XL: |  1  2  3  4  5  6  7  8  9 10 11 |
---------------+----------------------------------+-----
Throwing       | 2 3 4 5 |  5.0
Long Blades    | 3 4 5 6 7 9 12 13 | 13.0
Fighting       | 3 5 7 9 10 | 10.1
Translocations | 1 4 |  4.0
Invocations    | 4 |  4.2
Evocations     | 3 |  3.1
Dodging        | |  2.6

Action                   |  1- 3 |  4- 6 |  7- 9 | 10-12 || total
-------------------------+-------+-------+-------+-------++-------
Melee: Long sword        |   104 |   116 |   128 |       ||   348
       Scimitar          |       |       |   162 |   276 ||   438
       Punch             |       |       |     4 |     4 ||     8
Throw: Stone             |       |    15 |    28 |     1 ||    44
       Dart              |       |     7 |     9 |    24 ||    40
       Javelin           |       |       |     2 |     1 ||     3
 Cast: Blink             |       |       |       |     1 ||     1
Invok: Heroism           |       |       |       |     4 ||     4
Evoke: Wand              |       |       |     1 |     8 ||     9
  Use: Scroll            |       |       |     8 |     5 ||    13
       Potion            |       |       |       |     1 ||     1
Armor: Leather armour    |     6 |       |       |       ||     6
       Scale mail        |    40 |    35 |   117 |    79 ||   271
Dodge: Dodged            |    55 |    56 |   102 |   128 ||   341
Block: Other             |       |       |    48 |    49 ||    97
       Reflection        |       |       |     2 |     2 ||     4
